 Dungeon Crawl Stone Soup version 0.16.1-2-g95b8d4c (webtiles) character file.

493 MDvedh the Grappler (level 7, 0/57 HPs)
             Began as a Ghoul Monk on Mar 24, 2015.
             Was a Priest of Cheibriados.
             Slain by a gnoll
             ... wielding a +0 halberd
              (12 damage)
             ... on level 4 of the Dungeon.
             The game lasted 00:07:12 (2627 turns).

MDvedh the Grappler (Ghoul Monk)                    Turns: 2627, Time: 00:07:12

Health: 0/57       AC:  6    Str: 23    XL:     7   Next: 15%
Magic:  5/5        EV: 14    Int: 11    God:    Cheibriados [***...]
Gold:   210        SH:  0    Dex: 17    Spells: 0 memorised, 6 levels left

rFire  . . .     SeeInvis .       - Unarmed
rCold  + . .     Clarity  .     a - +0 robe
rNeg   + + +     SustAb   .     (no shield)
rPois  ∞         Gourm    .     t - +0 helmet
rElec  .         Spirit   .     (no cloak)
rCorr  .         Warding  .     (no gloves)
rMut   .         Stasis   .     h - +2 pair of boots
MR     .....                    (no amulet)
Stlth  ++........               (no ring)
                                (no ring)

@: rotting, very slow, not resistant to hostile enchantments, unstealthy
A: rotting body, claws 1, carnivore 3, cold resistance 1, negative energy
resistance 3, poison resistance, slow healing 1, torment resistance, unbreathing
a: Bend Time, Temporal Distortion, Renounce Religion


You were on level 4 of the Dungeon.
You worshipped Cheibriados.
Cheibriados was most pleased with you.
You were not hungry.

You visited 1 branch of the dungeon, and saw 4 of its levels.

You collected 210 gold pieces.

Inventory:

Armour
 a - a +0 robe (worn)
 b - a +0 pair of gloves
 h - a +2 pair of boots (worn)
 t - a +0 helmet (worn)
Scrolls
 c - 3 scrolls of teleportation
 e - 2 scrolls of fog
 f - a scroll of enchant armour
 i - 2 scrolls of recharging
 l - a scroll of random uselessness
 n - 2 scrolls of remove curse
 o - 2 scrolls of enchant weapon
Potions
 d - a potion of degeneration {unknown}
 g - 2 potions of restore abilities {unknown}
 j - a potion of cure mutation {unknown}
 m - a potion of resistance {unknown}
 p - 4 potions of curing
 s - a potion of ambrosia {unknown}
 w - a potion of might {unknown}
Comestibles
 k - a chunk of flesh
 r - 2 meat rations
 u - a royal jelly


   Skills:
 - Level 3.2 Fighting
 + Level 3.7 Dodging
 - Level 2.1 Stealth
 + Level 8.6 Unarmed Combat


You had 6 spell levels left.
You didn't know any spells.

Dungeon Overview and Level Annotations

Branches:
Dungeon (4/15)
 Temple: D:4-7

Altars:
Cheibriados


Innate Abilities, Weirdness & Mutations

Your body is rotting away.
You thrive on raw meat.
You have sharp fingernails.
You are carnivorous and can eat meat at any time.
Your flesh is cold resistant.
You are immune to negative energy.
Your system is resistant to poisons.
You heal slowly when monsters are visible.
You are immune to unholy pain and torment.
You can survive without breathing.


Message History

Unknown command.
Unknown command.
Unknown command.
You scratch the gnoll but do no damage. You scratch the gnoll but do no damage.
The gnoll misses you.
You scratch the gnoll!
The gnoll begins to bleed from its wounds!
The gnoll is heavily wounded.
The gnoll barely misses you.
You closely miss the gnoll.
The gnoll is heavily wounded.
You closely miss the gnoll.
The gnoll is heavily wounded.
The gnoll hits you with a halberd.
* * * LOW HITPOINT WARNING * * *
Unknown command.
You barely miss the gnoll.
The gnoll is heavily wounded.
The gnoll hits you with a halberd!
You die...

*##***** *..,,,,*
*.#***,****
##.###*,**,*******
#....#*,*,*,,,,,,,
##..#.##..***,****#
#........## **,* #
#.@g....!.#**,** #
#.)###.###.*,**####
#...#*,# **,***#...
#.#.##.# *,,...#..#
#(.?...# *,,...#...
###.#### *,,.......
#.## *,,,..#...
#..# *,,,,,#..#
##.# ******#...


You could see a gnoll (bleeding).

Vanquished Creatures
  A deep elf mage (D:4)
  An ogre (D:4)
  An orc wizard (D:4)
  A worker ant (D:4)
  3 gnolls (D:4)
  10 adders
  A worm (D:2)
  A giant mite (D:2)
  A giant gecko (D:2)
  3 orcs (D:4)
  9 bats
  16 goblins
  5 hobgoblins
  4 giant cockroaches
  A giant gecko skeleton (D:4)
  A giant newt (D:1)
  10 kobolds
  8 rats
77 creatures vanquished.

Notes
Turn   | Place    | Note
--------------------------------------------------------------
     0 | D:1      | MDvedh, the Ghoul Monk, began the quest for the Orb.
     0 | D:1      | Reached XP level 1. HP: 19/19 MP: 1/1
    98 | D:1      | Reached XP level 2. HP: 16/26 MP: 2/2
   171 | D:1      | Reached skill level 5 in Unarmed Combat
   411 | D:1      | Reached XP level 3. HP: 30/30 MP: 3/3
  1029 | D:2      | Reached skill level 6 in Unarmed Combat
  1029 | D:2      | Reached XP level 4. HP: 38/38 MP: 3/3
  1162 | D:2      | Found a snail-covered altar of Cheibriados.
  1171 | D:2      | Became a worshipper of Cheibriados the Contemplative
  1171 | D:2      | Acquired Cheibriados' first power
  1686 | D:3      | Reached XP level 5. HP: 45/45 MP: 4/4
  2212 | D:4      | Reached skill level 7 in Unarmed Combat
  2234 | D:4      | Noticed an ogre
  2241 | D:4      | Killed an ogre
  2241 | D:4      | Reached XP level 6. HP: 32/51 MP: 5/5
  2260 | D:4      | Reached skill level 8 in Unarmed Combat
  2287 | D:4      | Noticed a deep elf mage
  2298 | D:4      | Killed a deep elf mage
  2325 | D:4      | Got a polished leather armour
  2336 | D:4      | Identified the cursed -1 leather armour "Veace" {+Inv Str+7 Slay-4} (You found it on level 4 of the Dungeon)
  2548 | D:4      | Acquired Cheibriados' second power
  2548 | D:4      | Reached XP level 7. HP: 44/56 MP: 5/5
  2627 | D:4      | Slain by a gnoll

Action                   |  1- 3 |  4- 6 |  7- 9 || total
-------------------------+-------+-------+-------++-------
Melee: Unarmed           |    92 |    86 |    27 ||   205
  Use: Scroll            |       |    10 |       ||    10
 Stab: Sleeping          |     1 |     5 |       ||     6
  Eat: Chunk             |    12 |     8 |     2 ||    22
